 Dungeon Crawl Stone Soup version 0.20-a0-871-g785f14b (webtiles) character file.

26 sorgklaan the Skirmisher (level 2, -15/24 HPs)
             Began as a Demonspawn Abyssal Knight on Mar 14, 2017.
             Demolished by a small abomination (19 damage)
             ... created by the touch of Lugonu
             ... on level 3 of the Dungeon.
             The game lasted 00:07:20 (1094 turns).

sorgklaan the Skirmisher (DsAK)                     Turns: 1094, Time: 00:07:22

Health: -15/24     AC:  8    Str: 12    XL:     2   Next: 89%
Magic:  3/3        EV: 10    Int: 13    God:    Xom [*.....]
Gold:   6          SH:  0    Dex: 17    Spells: 1/1 levels left

rFire    . . .     SeeInvis .   a - +1 hand axe
rCold    . . .     Gourm    .   f - +0 chain mail (curse)
rNeg     . . .     Faith    .   (no shield)
rPois    .         Spirit   .   (no helmet)
rElec    .         Reflect  .   (no cloak)
rCorr    .         Harm     .   (no gloves)
MR       .....                  (no boots)
Stlth    ..........             (no amulet)
Regen    0.1/turn               (no ring)
MPRegen  0.1/turn               (no ring)

@: agile, slightly contaminated
A: blurry vision 1, demonic guardian 1
a: Renounce Religion


You were on level 3 of the Dungeon.
You worshipped Xom.
You were a special plaything of Xom.
You were hungry.

You visited 1 branch of the dungeon, and saw 3 of its levels.
You visited the Abyss 1 time.

You collected 6 gold pieces.

Inventory:

Hand Weapons
 a - a +1 hand axe (weapon)
Armour
 b - a +0 leather armour
 f - a cursed +0 chain mail (worn)
Scrolls
 d - 2 scrolls of teleportation {unknown}
 g - 2 scrolls of identify {unknown}
 i - a scroll of immolation {unknown}
Potions
 e - a potion of mutation {unknown}
 h - a potion of brilliance {unknown}
Comestibles
 c - 2 bread rations


   Skills:
 + Level 3.5 Fighting
 + Level 2.2 Axes
 + Level 2.0 Armour
 + Level 1.1 Dodging
   Level 2.5 Invocations


You had one spell level left.
You didn't know any spells.

Dungeon Overview and Level Annotations

Branches:
Dungeon (3/15)

Altars:
Wu Jian
Xom


Innate Abilities, Weirdness & Mutations

A weak demonic guardian rushes to your aid.
Scrolls take you a little longer to read.


Message History

Your white imp barely misses the small abomination.
The small abomination closely misses you.
Things that are here:
a short sword of speed; a kobold corpse Unknown command.
Your white imp gestures at the small abomination.
The puff of frost hits the small abomination.
You swap places.
The small abomination hits your ice beast!!
Your ice beast dies!
Your white imp gestures at the small abomination.
The puff of frost misses the small abomination.
The small abomination barely misses you.
You hit the small abomination but do no damage.
The small abomination is heavily damaged.
The small abomination barely misses you.
The small abomination hits you!!
Ouch! That really hurt!
You die...
Xom howls with laughter!

....# .(. ....# #.#
....# ... .†..# ###.#
# #.### #... .#
...>#########.#### .#
#.#..........5)5.##..#
..###########.##x....#
.## ...##@....# .
#.####......# . #
#.###### . .. # #.# #.
.. .##


You could see a small abomination and a friendly white imp.

Vanquished Creatures
  2 worms (D:2)
  A giant cockroach (D:2)
  4 goblins
  A hobgoblin (D:1)
  2 kobolds
  5 bats
  2 frilled lizards (D:3)
  2 rats (D:1)
19 creatures vanquished.

Notes
Turn   | Place    | Note
-------+----------+-------------------------------------------
     0 | Abyss:1  | sorgklaan the Demonspawn Abyssal Knight began the quest for the Orb.
     0 | Abyss:1  | Reached XP level 1. HP: 18/18 MP: 2/2
     0 | D:1      | Escaped the Abyss
    65 | D:1      | Reached * piety under Lugonu
   142 | D:1      | Reached skill level 1 in Dodging
   149 | D:1      | Gained mutation: A weak demonic guardian rushes to your aid. [demonic ancestry]
   149 | D:1      | Reached XP level 2. HP: 21/24 MP: 3/3
   325 | D:2      | Found an ornate altar of the Wu Jian Council.
   831 | D:2      | Found a faded altar of an unknown god.
   911 | D:2      | Fell from the grace of Lugonu
   911 | D:2      | Became a worshipper of Xom of Chaos
   953 | D:2      | XOM: silly message
  1084 | D:3      | Noticed a small abomination
  1084 | D:3      | Gained mutation: Scrolls take you a little longer to read. [mutagenic glow]
  1086 | D:3      | XOM: potion effect (agility)
  1089 | D:3      | XOM: cast spell 'Summon Ice Beast'
  1094 | D:3      | Demolished by a small abomination

Vault maps used:
D:1:      minmay_arrival_stair_chambers, minmay_tall_x
D:2:      lemuel_doored_altar, chequers_ecumenical_altar_simple_redux,
          first_bread
Abyss:1:  hangedman_abyss_batty_box

Skill      XL: |  1  2 |
---------------+-------+-----
Dodging        | 1 |  1.1
Axes           | 2 |  2.2
Armour         | 2 |  2.0
Fighting       | |  3.5
Invocations    | |  2.5

Action                   || total
-------------------------++-------
Melee: Hand axe          ||    66
Invok: Depart the Abyss  ||     1
Armor: Leather armour    ||    15
       Chain mail        ||    28
Dodge: Dodged            ||    32
